 Dungeon Crawl Stone Soup version 0.23.2 (webtiles) character file.

Game seed: 2118248950850007724

5992 Menchi the Fighter (level 10, -1/100 HPs)
             Began as a Ghoul Fighter on Apr 6, 2019.
             Was a Follower of Nemelex Xobeh.
             Slain by a two-headed ogre
             ... wielding a +0 giant club
              (11 damage)
             ... on level 9 of the Dungeon.
             The game lasted 00:23:02 (7593 turns).

Menchi the Fighter (Ghoul Fighter)                  Turns: 7593, Time: 00:23:03

Health: -1/100     AC: 11    Str: 23    XL:     10   Next: 85%
Magic:  9/9        EV:  7    Int:  4    God:    Nemelex Xobeh [*.....]
Gold:   319        SH:  0    Dex:  8    Spells: 9/9 levels left

rFire    + . .     SeeInvis +   l - +4 rapier "Yvialod" {venom, rF+}
rCold    + . .     Gourm    .   (no shield)
rNeg     + + +     Faith    .   b - +1 scale mail
rPois    ∞         Spirit   .   x - +2 helmet
rElec    .         Reflect  .   (no cloak)
rCorr    .         Harm     .   B - +0 pair of gloves
MR       .....                  (no boots)
Stlth    ..........             G - amulet of inaccuracy (curse)
HPRegen  0.00/turn              D - ring of see invisible
MPRegen  0.11/turn              s - ring of attention (curse)

@: about to teleport, marked, held, rotting
A: rotting body, claws 1, carnivore, cold resistance 1, negative energy
resistance 3, inhibited regeneration, torment resistance, unbreathing
a: Draw Escape, Draw Destruction, Draw Summoning, Renounce Religion


You were on level 9 of the Dungeon.
You worshipped Nemelex Xobeh.
Nemelex Xobeh was aware of your devotion.
You were not hungry.

You visited 2 branches of the dungeon, and saw 10 of its levels.

You collected 526 gold pieces.
You spent 207 gold pieces at shops.

Inventory:

Hand Weapons
 g - a +4 battleaxe
 l - the +4 rapier "Yvialod" (weapon) {venom, rF+}
   (You bought it in a shop on level 6 of the Dungeon)

   It poisons the flesh of those it strikes.
   It protects you from fire.
Armour
 b - a +1 scale mail (worn)
 x - a +2 helmet (worn)
 B - a +0 pair of gloves (worn)
Jewellery
 m - a +5 ring of intelligence
 p - an uncursed ring of ice
 s - a cursed ring of attention (right hand)
 z - an uncursed ring of magical power
 D - a ring of see invisible (left hand)
 E - a +3 ring of intelligence
 G - a cursed amulet of inaccuracy (around neck)
Wands
 e - a wand of digging (5)
 i - a wand of iceblast (10)
 r - a wand of acid (2)
 w - a wand of polymorph (11)
 I - a wand of random effects (16)
Scrolls
 o - a scroll of fear
 t - 4 scrolls of teleportation
 y - 2 scrolls of identify
 H - a scroll of enchant armour
 J - 2 scrolls of blinking
Potions
 a - a potion of might
 c - 3 potions of agility
 d - a potion of brilliance {unknown}
 h - a potion of ambrosia
 j - a potion of heal wounds {unknown}
 k - 2 potions of flight
 n - 2 potions of lignification {unknown}
 q - 3 potions of magic {unknown}
 u - 3 potions of haste {unknown}
 v - a potion of resistance {unknown}
 A - 2 potions of curing {unknown}
 F - a potion of mutation {unknown}
Comestibles
 f - 18 rations
 C - 4 chunks of flesh


   Skills:
 * Level 12.8 Fighting
   Level 4.7 Long Blades
 - Level 2.6 Armour
 * Level 8.9 Dodging
   Level 2.6 Shields


You had 9 spell levels left.
You didn't know any spells.
Your spell library contained the following spells:

 Spells                   Type           Power        Failure   Level  Hunger
 Animate Skeleton         Necr           N/A          82%         1    ##.....
 Apportation              Tloc           #.....       82%         1    ##.....
 Confusing Touch          Hex            #.....       82%         1    ##.....
 Summon Small Mammal      Summ           #...         82%         1    ##.....


Dungeon Overview and Level Annotations

Branches:
Dungeon (9/15)             Temple (1/1) D:6
   Lair: D:8-11         Orc: D:9-12

Altars:
Ashenzari
Cheibriados
Fedhas
Gozag
Hepliaklqana
Makhleb
Nemelex Xobeh
Qazlal
Ru
Sif Muna
Trog
Uskayaw
Vehumet
Wu Jian
Xom
Yredelemnul
Zin

Shops:
D:4 }   D:6 (

Annotations:
D:9 Harold


Innate Abilities, Weirdness & Mutations

Your body is rotting away.
You thrive on raw meat.
You are immune to poison.
You have sharp fingernails.
You are carnivorous and can eat meat at any time.
Your flesh is cold resistant. (rC+)
You are immune to negative energy. (rN+++)
You do not regenerate when monsters are visible.
You are immune to unholy pain and torment.
You can survive without breathing.


Message History

The black bear bites you!
The black bear claws you but does no damage.
The black bear barely misses you. Harold hits you but does no damage.
You struggle against the net.
The black bear bites you!
The black bear claws you but does no damage. x2
Harold hits you with a +6 short sword of venom!
The two-headed ogre barely misses you.
The two-headed ogre hits you with a +0 giant club!
The black bear bites you! The black bear claws you.
The black bear barely misses you.
You tear a large gash into the net.
The black bear bites you but does no damage.
The black bear claws you but does no damage. x2
Harold hits you but does no damage.
A shadow imp comes into view.
The two-headed ogre hits you with a +0 giant club!!
* * * LOW HITPOINT WARNING * * *
The two-headed ogre hits you with a +0 giant club!
You die...
Your body glows slightly and disappears.

. #..... ....#
##.#....# ....#
..#....##....#
5Z..........#
#..........#
#.s........+
##..h@O.....#
##....@##....#
#......##....#
#.....(.......#
..########....# .
#.....##....#
#......#....#
#......#....#
#.....##....#.......#
#.....##....##......#


You could see Harold, a two-headed ogre, a black bear (berserk), a scorpion, a
shadow imp and a bullfrog zombie.

Vanquished Creatures
  Pikel (D:7)
  Joseph (D:7)
  Psyche (D:8)
  A hippogriff (D:9)
  Grinder (D:6)
  A spriggan (D:8)
  A yak (D:5)
  2 hungry ghosts (D:9)
  A water moccasin (D:7)
  2 black bears
  2 necrophages
  4 ice beasts
  A sky beast (D:5)
  A phantom (D:6)
  2 centaurs (D:7)
  Blork the orc (D:4)
  2 big kobolds
  9 bullfrogs
  3 scorpions
  3 killer bees (D:8)
  7 wights
  4 howler monkeys
  4 crimson imps
  A bullfrog zombie (D:6)
  2 hounds
  2 jellies
  10 orc wizards
  5 orc priests
  A bullfrog skeleton (D:5)
  Crazy Yiuf (D:7)
  An iguana (D:5)
  5 worker ants
  2 hound zombies (D:5)
  2 hound skeletons
  A worker ant zombie (D:7)
  6 gnolls
  A howler monkey skeleton (D:8)
  12 adders
  4 shadow imps
  2 oozes
  An adder skeleton (D:9)
  5 worms
  3 dart slugs
  6 leopard geckos
  27 orcs
  5 giant cockroaches
  15 hobgoblins
  13 jackals
  14 kobolds
  2 quokkas
  A ball python (D:1)
  11 bats
  7 frilled lizards
  15 goblins
  A jackal skeleton (D:6)
  3 leopard gecko skeletons
  2 quokka skeletons
  12 rats
256 creatures vanquished.

Notes
Turn   | Place    | Note
-------+----------+-------------------------------------------
     0 | D:1      | Menchi the Ghoul Fighter began the quest for the Orb.
     0 | D:1      | Reached XP level 1. HP: 19/19 MP: 0/0
    43 | D:1      | Reached XP level 2. HP: 20/26 MP: 1/1
   279 | D:1      | Reached XP level 3. HP: 33/33 MP: 2/2
   344 | D:1      | Reached skill level 4 in Fighting
   621 | D:2      | Found a stormy altar of Qazlal.
   664 | D:2      | Reached skill level 1 in Dodging
   781 | D:2      | Reached XP level 4. HP: 40/40 MP: 3/3
  1470 | D:3      | Reached XP level 5. HP: 41/47 MP: 4/4
  1648 | D:3      | Found a faded altar of an unknown god.
  1822 | D:3      | Reached skill level 5 in Fighting
  2004 | D:3      | You fall through a shaft!
  2004 | D:4      | Found Gul Vuk's Gadget Shop.
  2024 | D:4      | Reached XP level 6. HP: 27/56 MP: 5/5
  2089 | D:4      | Noticed Blork the orc
  2100 | D:4      | Killed Blork the orc
  2215 | D:4      | Reached skill level 6 in Fighting
  2813 | D:3      | Reached XP level 7. HP: 61/63 MP: 6/6
  3079 | D:5      | Entered Level 5 of the Dungeon
  3378 | D:5      | Noticed a yak
  3385 | D:5      | Killed a yak
  3471 | D:5      | Reached skill level 7 in Fighting
  3514 | D:5      | Reached XP level 8. HP: 64/73 MP: 7/7
  4214 | D:6      | Reached skill level 8 in Fighting
  4214 | D:6      | Reached skill level 5 in Dodging
  4613 | D:6      | Noticed Grinder
  4631 | D:6      | Killed Grinder
  4704 | D:6      | Reached skill level 9 in Fighting
  4704 | D:6      | Reached XP level 9. HP: 81/83 MP: 8/8
  4759 | D:6      | Found Atsub Lulu's Antique Weapon Boutique.
  4763 | D:6      | Found a staircase to the Ecumenical Temple.
  4796 | D:6      | Bought a shimmering rapier for 207 gold pieces
  4796 | D:6      | Identified the +4 rapier "Yvialod" {venom, rF+} (You bought
                  | it in a shop on level 6 of the Dungeon)
  4811 | Temple   | Entered the Ecumenical Temple
  4839 | Temple   | Became a worshipper of Nemelex Xobeh the Trickster
  5168 | D:7      | Received a gift from Nemelex Xobeh
  5189 | D:7      | Noticed Joseph
  5196 | D:7      | Killed Joseph
  5204 | D:7      | Reached skill level 10 in Fighting
  5785 | D:7      | Reached skill level 11 in Fighting
  5834 | D:7      | Reached XP level 10. HP: 87/95 MP: 9/9
  5895 | D:7      | Noticed Pikel
  5909 | D:7      | Killed Pikel
  5968 | D:7      | Found a runed translucent door.
  5969 | D:7      | Noticed Crazy Yiuf
  6421 | D:7      | Killed Crazy Yiuf
  6743 | D:8      | Reached * piety under Nemelex Xobeh
  6836 | D:8      | Reached skill level 12 in Fighting
  6898 | D:8      | Noticed Psyche
  6905 | D:8      | Killed Psyche
  6911 | D:8      | Found Zucul's Jewellery Shop.
  7583 | D:9      | Noticed Harold
  7585 | D:9      | Noticed a two-headed ogre
  7593 | D:9      | Slain by a two-headed ogre

Skill      XL: |  1  2  3  4  5  6  7  8  9 10 |
---------------+-------------------------------+-----
Long Blades    | 2 3 4 |  4.7
Fighting       | 4 5 6 7 9 11 12 | 12.8
Dodging        | 1 2 3 4 6 7 8 |  8.9
Armour         | |  2.6
Shields        | |  2.6

Action                   |  1- 3 |  4- 6 |  7- 9 | 10-12 || total
-------------------------+-------+-------+-------+-------++-------
Melee: Long sword        |    32 |       |       |       ||    32
       Dagger            |   115 |   376 |   322 |       ||   813
       Rapier            |       |       |   150 |   263 ||   413
Evoke: Wand              |       |     1 |    12 |     8 ||    21
  Use: Scroll            |       |     5 |     7 |     3 ||    15
       Potion            |       |     2 |     1 |       ||     3
  Eat: Chunk             |    10 |    37 |    32 |    10 ||    89
Armor: Scale mail        |    98 |   128 |   183 |   125 ||   534
Dodge: Dodged            |   104 |   184 |   267 |   174 ||   729
       Rpst.: Long sword |     8 |       |       |       ||     8
